 Dungeon Crawl Stone Soup version 0.31-a0-358-gac0dbeb3ab (webtiles) character file.

Game seed: 11138194855749978268

102 AdnanSaban the Covered (level 4, -1/29 HPs)
             Began as a Gargoyle Fighter on July 26, 2023.
             Slain by a frilled lizard (2 damage)
             ... on level 3 of the Dungeon.
             The game lasted 00:02:16 (1775 turns).

AdnanSaban the Covered (Gargoyle Fighter)           Turns: 1775, Time: 00:02:16

Health: -1/29      AC: 10    Str: 22    XL:     4   Next: 78%
Magic:  4/4        EV:  9    Int:  8    God:
Gold:   73         SH:  4    Dex:  9    Spells: 3/3 levels left

rFire   . . .        a - +0 flail
rCold   . . .        c - +0 buckler
rNeg    + . .        b - +0 scale mail
rPois   ∞            (no helmet)
rElec   +            (no cloak)
rCorr   .            (no gloves)
SInv    .            (no boots)
Will    .....        (no amulet) Stlth
                     (no ring)
HPRegen 0.24/turn    (no ring)
MPRegen 0.09/turn

%: no passive effects
@: no status effects
A: sickness immunity, AC +3, negative energy resistance 1, electricity
resistance, torment resistance 1, petrification resistance
a: no special abilities


You were on level 3 of the Dungeon.
You visited 1 branch of the dungeon, and saw 3 of its levels.

You collected 73 gold pieces.

Inventory:

Hand Weapons
 a - a +0 flail (weapon)
Armour
 b - a +0 scale mail (worn)
 c - a +0 buckler (worn)
Scrolls
 f - a scroll of amnesia {unknown}
 g - 3 scrolls of identify {unknown}
 h - a scroll of poison {unknown}
Potions
 d - a potion of might
 e - a potion of enlightenment {unknown}
 i - a potion of invisibility {unknown}


   Skills:
 + Level 3.8 Fighting
 + Level 3.1 Maces & Flails
 + Level 4.0 Armour
 + Level 0.5 Dodging
 + Level 3.9 Shields


You had 3 spell levels left.
You didn't know any spells.
Your spell library contained the following spells:

 Spells                   Type           Power      Damage    Failure   Level
 Magic Dart               Conj           0%         1d3       80%         1
 Call Imp                 Summ           0%         N/A       90%         2
 Lesser Beckoning         Tloc           0%         N/A       90%         2
 Gell's Gravitas          Tloc           0%         N/A       99%         3
 Mephitic Cloud           Conj/Pois/Air  0%         N/A       99%         3
 Teleport Other           Tloc           0%         N/A       99%         3
 Volatile Blastmotes      Fire/Tloc      0%         2d10      99%         3
 Fulminant Prism          Conj/Hex       0%         3d5       100%        4
 Iskenderun's Mystic Bla  Conj/Tloc      0%         2d3       100%        4


Dungeon Overview and Level Annotations

Branches:
Dungeon (3/15)

Altars:

Shops:
D:2 ((([

Annotations:
D:3 Ijyb


Innate Abilities, Weirdness & Mutations

You are immune to sickness and miasma.
Your stone body is resilient. (AC +3)
You are immune to poison.
You resist negative energy. (rN+)
You are resistant to electric shocks. (rElec)
You are resistant to unholy torment.
You are immune to petrification.


Message History

The frilled lizard bites you but does no damage.
Ijyb zaps a wand.
The puff of flame hits you!
The frilled lizard completely misses you.
You closely miss Ijyb. Ijyb barely misses you.
The frilled lizard closely misses you.
You hit Ijyb.
Ijyb is moderately wounded.
Ijyb hits you with a +0 club. You block the frilled lizard's attack.
You are too injured to fight recklessly!
You are too injured to fight recklessly!
You are too injured to fight recklessly!
You are too injured to fight recklessly!
You are too injured to fight recklessly!
You are too injured to fight recklessly!
You are too injured to fight recklessly!
You are too injured to fight recklessly!
You are too injured to fight recklessly!
You are too injured to fight recklessly!
You are too injured to fight recklessly!
You are too injured to fight recklessly!
You are too injured to fight recklessly!
You are too injured to fight recklessly!
You are too injured to fight recklessly!
You are too injured to fight recklessly!
You are too injured to fight recklessly!
You are too injured to fight recklessly!
You miss Ijyb.
Ijyb is moderately wounded.
Ijyb grins evilly.
Ijyb zaps a wand.
The puff of flame hits you. The frilled lizard barely misses you.
You closely miss Ijyb.
Ijyb is moderately wounded.
Ijyb hits you with a +0 club.
* * * LOW HITPOINT WARNING * * *
The frilled lizard closely misses you.
Ijyb zaps a wand.
The puff of flame hits you.
* * * LOW HITPOINT WARNING * * *
The frilled lizard bites you.
You die...

#.# #...# ######.######
##.## #...........# #.#
#.####.####.# #.# #.#
#.# #.# #.# #.#
##.####.####.# #.#
#............# #.#
#..####.###lg####### #.#
#..##......[@[.....#
#.###..##.#.###.#.####.#
..........#.# #÷#.#
#.###..####.# #.#.# ###
#..####.# #.#.#
#.......###.#.#
#...........#..
###############


You could see Ijyb and a frilled lizard.

Vanquished Creatures
  Jessica (D:3)
  A gnoll (D:2)
  2 adders (D:2)
  5 ball pythons
  5 endoplasms
  3 giant cockroaches
  4 goblins (D:1)
  5 hobgoblins
  3 jackals (D:3)
  A quokka (D:1)
  2 bats (D:1)
  A frilled lizard (D:2)
  15 rats
48 creatures vanquished.

Notes
Turn   | Place    | Note
-------+----------+-------------------------------------------
     0 | D:1      | AdnanSaban the Gargoyle Fighter began the quest for the
                  | Orb.
     0 | D:1      | Reached XP level 1. HP: 14/14 MP: 1/1
   134 | D:1      | Reached XP level 2. HP: 19/19 MP: 2/2
   427 | D:1      | Reached XP level 3. HP: 23/23 MP: 3/3
   870 | D:2      | Found Liarem Betso's Antique Weapon Shoppe.
  1045 | D:2      | Found Ozxemelo's Armour Shoppe.
  1130 | D:2      | Reached XP level 4. HP: 16/29 MP: 4/4
  1235 | D:2      | Found Fode's Weapon Emporium.
  1250 | D:2      | Found Xeahirph's Weapon Emporium.
  1610 | D:3      | Noticed Jessica
  1615 | D:3      | Noticed Ijyb
  1695 | D:3      | Killed Jessica
  1696 | D:3      | Reached skill level 4 in Armour
  1775 | D:3      | HP: 1/29 [Ijyb/puff of flame (5)]
  1775 | D:3      | Slain by a frilled lizard

Illustrated notes

Levels and vault maps discovered:
D:1:      nicolae_arrival_washed_ashore, layout_loops_ring,
          minmay_rat_gold_closets
D:2:      minmay_evil_eye, layout_basic, serial_shops, shop, shop,
          nicolae_shop_bloodbath_and_beyond, nicolae_shop_stone
D:3:      layout_loops_ring, hangedman_abyss_or_decor_stabs, minivault_11,
          uniq_jessica, uniq_ijyb

Skill      XL: |  1  2  3  4 |
---------------+-------------+-----
Maces & Flails | 3 |  3.1
Armour         | 4 |  4.0
Fighting       | |  3.8
Dodging        | |  0.5
Shields        | |  3.9

Action                     |  1- 3 |  4- 6 || total
---------------------------+-------+-------++-------
  Melee: Flail             |   114 |    45 ||   159
 Armour: Scale mail        |    58 |    29 ||    87
  Dodge: Dodged            |    54 |    29 ||    83
  Block: Buckler           |    17 |    14 ||    31

Table legend: (Time is in decaauts)
 A = Elapsed time spent in this place.
 B = Non-inter-level travel time spent in this place.
 C = Inter-level travel time spent in this place.
 D = Time resting spent in this place.
 E = Time spent auto-exploring this place.
 F = Levels seen in this place.
 G = Mean time per level.
                   A        B        C        D        E       F      G
               +--------+--------+--------+--------+--------+-----+--------+
         Total |   1828 |   1782 |     46 |     97 |   1286 |   3 |  609.3 |
       Dungeon |   1828 |   1782 |     46 |     97 |   1286 |   3 |  609.3 |
               +--------+--------+--------+--------+--------+-----+--------+

Top non-repeatable levels by time:
     D:1: 897 daAuts
     D:2: 784 daAuts
     D:3: 146 daAuts
